 Dungeon Crawl Stone Soup version 0.21-a0-401-g0b6bec4 (webtiles) character file.

73367 Drevant the Imperceptible (level 15, -4/66 HPs)
             Began as a Spriggan Enchanter on Oct 21, 2017.
             Was an Initiate of Gozag.
             Slain by a redback (15 damage)
             ... on level 4 of the Lair of Beasts.
             The game lasted 02:10:20 (35025 turns).

Drevant the Imperceptible (Spriggan Enchanter)     Turns: 35025, Time: 02:10:20

Health: -4/66      AC: -1    Str:  5    XL:     15   Next: 3%
Magic:  15/35      EV: 31    Int: 24    God:    Gozag
Gold:   5008       SH:  6    Dex: 17    Spells: 11/32 levels left

rFire    + . .     SeeInvis +   C - +0 dagger (holy)
rCold    . . .     Gourm    .   (shield restricted)
rNeg     . . .     Faith    .   p - +1 robe of the Orb Guardian {rF+ Int+2}
rPois    +         Spirit   .   (helmet restricted)
rElec    .         Reflect  +   X - scarf {repulsion}
rCorr    .         Harm     .   (gloves unavailable)
MR       ++...                  (boots unavailable)
Stlth    ++++......             F - +6 amulet of reflection
HPRegen  0.21/turn              Y - ring of magical power
MPRegen  0.24/turn              G - ring of poison resistance

@: corroded, gold aura, contaminated, glowing, invisible (but backlit and
visible), repel missiles, very quick
A: unfitting armour, see invisible, herbivore 3, speed 3, low mp 1, slow
metabolism 2
a: Potion Petition, Call Merchant, Bribe Branch, Renounce Religion


You were on level 4 of the Lair of Beasts.
You worshipped Gozag.
Gozag was greatly pleased with you.
You were not hungry.

You visited 6 branches of the dungeon, and saw 23 of its levels.
You visited 1 bazaar.
You also visited: Labyrinth, Sewer and Volcano.

You collected 7289 gold pieces.
You spent 2136 gold pieces at shops.
You paid 145 gold pieces to Gozag.

Inventory:

Hand Weapons
 C - a +0 dagger of holy wrath (weapon)
 L - a +1 vampiric dagger
 U - a +2 dagger of distortion
Armour
 g - a +2 robe of cold resistance
 p - the +1 robe of the Orb Guardian (worn) {rF+ Int+2}
   (You bought it in a shop in a bazaar)

   It affects your intelligence (+2).
   It protects you from fire.
 y - the +2 cloak of the Thief {+Fog Slay-2 SInv Stlth+}
   (You bought it in a shop in a bazaar)

   It affects your accuracy and damage with ranged weapons and melee attacks
   (-2).
   It lets you see invisible.
   It makes you more stealthy.
 A - the +3 robe "Qoitat" {rPois rF+ Regen+ Stlth-}
   (You bought it in a shop in a bazaar)

   It protects you from fire.
   It protects you from poison.
   It increases your rate of regeneration.
   It makes you less stealthy.
 N - the +1 robe of Too Many Cooks {rElec rPois SInv}
   (You bought it in a shop in a bazaar)

   It insulates you from electricity.
   It protects you from poison.
   It lets you see invisible.
 X - a scarf of repulsion (worn)
Jewellery
 r - an uncursed ring of protection from magic
 x - an uncursed ring of fire
 z - an uncursed ring of see invisible
 F - a +6 amulet of reflection (around neck)
 G - a ring of poison resistance (right hand)
 V - an uncursed ring of protection from fire
 Y - a ring of magical power (left hand)
 Z - an uncursed ring of wizardry
Wands
 h - a wand of lightning (5/15)
 J - a wand of digging (24/24)
 K - a wand of iceblast (5/15)
 T - a wand of disintegration (10/24)
Scrolls
 b - a scroll of recharging
 e - 2 scrolls of teleportation
 j - 5 scrolls of enchant weapon {unknown}
 k - 5 scrolls of immolation
 n - 2 scrolls of amnesia
 s - 14 scrolls of remove curse
 t - 5 scrolls of fog
 S - 2 scrolls of enchant armour
Potions
 f - 6 potions of agility
 i - 5 potions of lignification
 l - a potion of berserk rage
 m - 4 potions of might
 o - 11 potions of curing
 u - 3 potions of cancellation
 v - 2 potions of magic
 w - 3 potions of brilliance
 E - 3 potions of mutation
 I - 2 potions of ambrosia
 O - 2 potions of flight
 P - 4 potions of haste {unknown}
 Q - 4 potions of resistance
Books
 a - the Catalogue of Lethal Intoxication
   (You found it in a labyrinth)

   Spells                             Type                      Level
   a - Flame Tongue                   Conjuration/Fire             1
   b - Throw Frost                    Conjuration/Ice              2
   c - Olgreb's Toxic Radiance        Poison                       4
   d - Bolt of Magma                  Conjuration/Fire/Earth       5
 c - a book of Maledictions

   Spells                             Type                      Level
   a - Corona                         Hexes                        1
   b - Ensorcelled Hibernation        Hexes/Ice                    2
   c - Confuse                        Hexes                        3
   d - Tukima's Dance                 Hexes                        3
   e - Dazzling Spray                 Conjuration/Hexes            3
 q - the Compendium of Lucky Feathers
   (You found it on level 6 of the Lair of Beasts)

   Spells                             Type                      Level
   a - Swiftness                      Charms/Air                   2
   b - Poisonous Vapours              Poison/Air                   2
   c - Spectral Weapon                Hexes/Charms                 3
   d - Airstrike                      Air                          4
   e - Ring of Flames                 Charms/Fire                  7
 B - a book of Misfortune

   Spells                             Type                      Level
   a - Confusing Touch                Hexes                        1
   b - Confuse                        Hexes                        3
   c - Gell's Gravitas                Translocation                3
   d - Petrify                        Transmutation/Earth          4
   e - Metabolic Englaciation         Hexes/Ice                    5
   f - Yara's Violent Unravelling     Hexes/Transmutation          5
 M - a book of Air

   Spells                             Type                      Level
   a - Shock                          Conjuration/Air              1
   b - Swiftness                      Charms/Air                   2
   c - Static Discharge               Conjuration/Air              3
   d - Airstrike                      Air                          4
   e - Lightning Bolt                 Conjuration/Air              5
Comestibles
 d - 7 bread rations
 D - 21 royal jellies
 R - 24 fruits


   Skills:
 + Level 2.0 Fighting
 + Level 8.5 Short Blades
 - Level 14.9 Dodging
 * Level 22.1 Stealth
 - Level 9.3 Spellcasting
 * Level 17.9 Hexes


You had 11 spell levels left.
You knew the following spells:

 Your Spells              Type           Power        Failure   Level  Hunger
a - Corona                Hex            #######      0%          1    None
b - Ensorcelled Hibernat  Hex/Ice        ######       1%          2    None
c - Confuse               Hex            #######.     0%          3    None
d - Tukima's Dance        Hex            #######.     0%          3    None
e - Dazzling Spray        Conj/Hex       ######       1%          3    None
f - Spectral Weapon       Hex/Chrm       ######..     1%          3    None
g - Invisibility          Hex            #######.     1%          6    ######.


Dungeon Overview and Level Annotations

Branches:
Dungeon (11/15)            Temple (1/1) D:6            Lair (6/6) D:8
 Shoals (0/4) Lair:4       Spider (1/4) Lair:4        Slime (0/5) Lair:6
    Orc (2/2) D:10            Elf (2/3) Orc:2

Altars:
Ashenzari
Cheibriados
Dithmenos
Elyvilon
Fedhas
Gozag
Hepliaklqana
Kikubaaqudgha
Makhleb
Nemelex Xobeh
Okawaru
Qazlal
Ru
Sif Muna
Trog
Uskayaw
Vehumet
Wu Jian
Xom
Yredelemnul
Zin
The Shining One
Beogh

Shops:
D:10 %   Orc:2 :([*

Annotations:
D:11 exclusion: oklob plant
Spider:1 Josephine


Innate Abilities, Weirdness & Mutations

You are very small and have problems with some larger weapons.
You are too small for most types of armour.
You have supernaturally acute eyesight. (SInv)
You are a herbivore.
You cover ground extremely quickly.
You need consume almost no food.
Your magical capacity is low. (-10% MP)


Message History

* * * LOW HITPOINT WARNING * * *
The redback misses you. The redback closely misses you.
The redback barely misses you. The redback completely misses you.
The tarantella closely misses you.
You climb upwards.
Welcome back to the Lair of Beasts!
There is a hole to the Spider Nest here.
Casting: Invisibility
Confirm with . or Enter, or press ? or * to list all spells.
Aiming: Ensorcelled Hibernation
Press: ? - help, Shift-Dir - straight line, f - redback
Aim: a redback (chance to defeat MR: 72%)
The redback looks drowsy...
The redback completely misses you. The redback bites you!
* * * LOW HITPOINT WARNING * * *
The helpless redback fails to defend itself.
You skewer the redback like a kebab!!!!!
You kill the redback!
The redback bites you!
You die...
Your body crumbles into a pile of gold.

...#P......###.#....#
...............#....#
..##.......(...#....###
..###...........^.^...#
..P##.....#......^....#
..##......#...^..^.^^.#
##.#...........^..^^^.##
#####......^....$.....P#
..........#^^^.^@s^^^..#
...........^^^^^..^....#
............^.^^.^.^...##
.............^...^^.....#
.............^...^^.....#
.###PP..........^.^....##
.#####.....##..#.......#
..#.#..>...P..........##
....#.......[..#....###


You could see a redback.

Vanquished Creatures
  An ettin (Orc:1)
  A minotaur (Lab)
  A deep elf high priest (Elf:1)
  4 hydras
  Fannar (Lair:2)
  A merfolk avatar (Lair:6)
  4 two-headed ogres
  2 death yaks (Lair:6)
  An orc high priest (Orc:1)
  2 deep elf knights (Elf:1)
  5 wizards (Volcano)
  The ghost of hexaflexagon the Thaumaturge, a novice GnWn of Ashenzari (D:8)
  A sea snake (Lair:6)
  7 orc knights
  An orc sorcerer (Orc:1)
  A wolf spider (Spider:1)
  An ugly thing (D:11)
  4 deep elf magi (Elf:1)
  A manticore (Lair:4)
  5 toenail golems (Volcano)
  Psyche (D:9)
  14 elephants
  4 black mambas
  A torpor snail (Lair:6)
  4 gargoyles (Lab)
  12 spiny frogs
  3 rime drakes
  5 komodo dragons
  3 polar bears (Lair:6)
  6 trolls
  A queen bee (Lair:1)
  2 hornets
  4 wind drakes (Lair:6)
  3 slime creatures (Lair:6)
  6 dream sheep (Lair:5)
  25 blink frogs
  13 hippogriffs
  3 wraiths
  2 redbacks
  Eustachio (D:5)
  26 yaks
  A shadow (Lab)
  3 wyverns
  7 basilisks
  8 hungry ghosts
  3 wargs
  An acid dragon (D:11)
  8 porcupines
  12 water moccasins
  A sky beast (D:6)
  An ice beast (D:10)
  A black bear (Lair:2)
  36 orc warriors
  An eye of draining (D:9)
  5 phantoms
  10 ogres
  17 centaurs
  7 necrophages
  5 wolves
  14 crocodiles
  7 big kobolds
  2 gnoll sergeants
  An earth elemental (Elf:1)
  9 bullfrogs
  A wyvern zombie (D:10)
  A wyvern skeleton (D:11)
  A troll zombie (D:10)
  44 killer bees
  5 wights (D:10)
  4 howler monkeys
  4 electric eels
  A bullfrog zombie (D:10)
  5 crimson imps
  Crazy Yiuf (D:2)
  A quasit (D:8)
  8 hounds
  8 orc priests
  7 jellies
  16 orc wizards
  2 bullfrog skeletons
  3 centaur skeletons
  An iguana (D:8)
  10 worker ants
  5 ogre zombies (D:10)
  2 hound zombies (D:5)
  2 hound skeletons
  3 worker ant zombies
  4 gnolls (D:7)
  2 river rats (Sewer)
  18 adders
  An ooze (D:3)
  An adder skeleton (D:7)
  An adder zombie (D:8)
  3 worms (D:2)
  2 dart slugs
  14 leopard geckos
  76 orcs
  12 bats
  2 giant cockroaches
  7 goblins
  9 hobgoblins
  3 jackals (D:4)
  3 quokkas
  5 ball pythons
  11 frilled lizards
  A goblin skeleton (D:10)
  3 goblin zombies (D:10)
  3 hobgoblin skeletons (D:10)
  A hobgoblin zombie (D:10)
  41 kobolds
  2 orc skeletons (D:10)
  9 orc zombies (D:10)
  18 rats
731 creatures vanquished.

Vanquished Creatures (collateral kills)
  An orb spider (Spider:1)
  A crimson imp (D:9)
  An orc (D:9)
3 creatures vanquished.

Vanquished Creatures (others)
  2 dancing weapons
  16 fungi
  15 plants
33 creatures vanquished.

Grand Total: 767 creatures vanquished

Notes
Turn   | Place    | Note
-------+----------+-------------------------------------------
     0 | D:1      | Drevant the Spriggan Enchanter began the quest for the Orb.
     0 | D:1      | Reached XP level 1. HP: 9/9 MP: 5/5
   621 | D:1      | Reached XP level 2. HP: 13/13 MP: 6/6
   625 | D:1      | Learned a level 2 spell: Ensorcelled Hibernation
   747 | D:1      | Reached skill level 5 in Stealth
  1098 | D:1      | Reached XP level 3. HP: 10/16 MP: 4/8
  1523 | D:1      | Learned a level 3 spell: Confuse
  1863 | D:2      | Found a runed door.
  2450 | D:2      | Reached XP level 4. HP: 21/21 MP: 2/9
  2511 | D:2      | Found a glowing silver altar of Zin.
  2784 | D:2      | Reached skill level 6 in Stealth
  2861 | D:2      | Noticed Crazy Yiuf
  2865 | D:2      | Killed Crazy Yiuf
  2865 | D:2      | Reached skill level 5 in Hexes
  3136 | D:3      | Reached XP level 5. HP: 20/24 MP: 6/10
  3180 | D:3      | Learned a level 3 spell: Tukima's Dance
  4516 | D:4      | Reached skill level 7 in Stealth
  4803 | D:4      | Noticed a phantom
  4807 | D:4      | Reached XP level 6. HP: 28/28 MP: 8/11
  5609 | D:4      | Reached skill level 5 in Dodging
  5841 | D:4      | Reached skill level 8 in Stealth
  6027 | D:4      | Reached XP level 7. HP: 26/32 MP: 2/12
  6187 | D:4      | Found a shimmering altar of Xom.
  6263 | D:5      | Entered Level 5 of the Dungeon
  6614 | D:5      | Reached skill level 9 in Stealth
  6756 | D:5      | Noticed Eustachio
  6764 | D:5      | Killed Eustachio
  7321 | D:5      | Reached skill level 10 in Stealth
  7321 | D:5      | Reached XP level 8. HP: 36/36 MP: 10/13
  7486 | D:6      | Found a glowing drain.
  7513 | Sewer    | Entered a sewer
  8061 | D:6      | Found a sparkling altar of Nemelex Xobeh.
  8082 | D:6      | Reached skill level 11 in Stealth
  8333 | D:6      | Found a staircase to the Ecumenical Temple.
  8340 | Temple   | Entered the Ecumenical Temple
  8468 | Temple   | Became a worshipper of Gozag Ym Sagoz the Greedy
  8779 | D:6      | Found an ornate altar of the Wu Jian Council.
  9091 | D:7      | Learned a level 3 spell: Dazzling Spray
  9319 | D:7      | Reached XP level 9. HP: 39/39 MP: 17/17
  9523 | D:7      | Reached skill level 5 in Spellcasting
  9590 | D:7      | Reached skill level 12 in Stealth
 10032 | D:7      | Found a stormy altar of Qazlal.
 10288 | D:8      | Noticed a troll
 10290 | D:8      | Reached skill level 10 in Hexes
 10456 | D:8      | Found a blossoming altar of Fedhas.
 10619 | D:8      | Found an iron altar of Okawaru.
 10669 | D:8      | Noticed hexaflexagon's ghost (novice GnWn)
 10830 | D:8      | Killed a troll
 10830 | D:8      | Reached skill level 13 in Stealth
 11290 | D:8      | Reached XP level 10. HP: 44/44 MP: 17/20
 11303 | D:8      | Found a staircase to the Lair.
 11989 | D:8      | Killed hexaflexagon's ghost
 11989 | D:8      | Reached skill level 14 in Stealth
 12111 | D:9      | Noticed a two-headed ogre
 12322 | D:9      | Killed a two-headed ogre
 12434 | D:9      | Reached skill level 10 in Dodging
 12662 | D:9      | Noticed Psyche
 12669 | D:9      | Killed Psyche
 12705 | D:9      | Found a hazy altar of Hepliaklqana.
 12718 | D:9      | Reached skill level 15 in Stealth
 12769 | D:9      | Noticed a two-headed ogre
 13336 | D:10     | Entered Level 10 of the Dungeon
 13340 | D:10     | Found Yvieguer's Food Shoppe.
 13380 | D:10     | Reached XP level 11. HP: 44/47 MP: 14/23
 13451 | D:10     | Bought a royal jelly for 20 gold pieces
 13451 | D:10     | Bought a royal jelly for 20 gold pieces
 13451 | D:10     | Bought a royal jelly for 20 gold pieces
 13451 | D:10     | Bought a bread ration for 50 gold pieces
 14187 | D:10     | Found a staircase to the Orcish Mines.
 14798 | D:10     | Noticed a two-headed ogre
 14903 | D:10     | Killed a two-headed ogre
 14903 | D:10     | Reached skill level 16 in Stealth
 15366 | D:11     | Found a hide-covered altar of Uskayaw.
 15568 | D:11     | Killed a two-headed ogre
 15678 | D:11     | Noticed a red ugly thing
 15685 | D:11     | Killed a red ugly thing
 15687 | D:11     | Found an ornate altar of the Wu Jian Council.
 15689 | D:11     | Noticed an oklob plant
 16839 | Lair:1   | Entered Level 1 of the Lair of Beasts
 17249 | Lair:1   | Reached skill level 17 in Stealth
 17431 | Lair:1   | Reached XP level 12. HP: 51/51 MP: 10/26
 18373 | Lair:2   | Noticed a five-headed hydra
 18404 | Lair:2   | Killed a five-headed hydra
 18483 | Lair:2   | Noticed Fannar
 19407 | Lair:3   | Noticed an eight-headed hydra
 19590 | Lair:3   | Noticed a four-headed hydra
 19629 | Lair:3   | Killed a four-headed hydra
 19629 | Lair:3   | Reached skill level 18 in Stealth
 20005 | Lair:2   | Killed Fannar
 20429 | Lair:3   | Killed an eight-headed hydra
 20429 | Lair:3   | Reached skill level 15 in Hexes
 20591 | Lair:3   | Noticed a four-headed hydra
 20670 | Lair:3   | Killed a four-headed hydra
 21294 | Lair:4   | Found a labyrinth entrance.
 21303 | Lab      | Entered a labyrinth
 21317 | Lab      | Reached XP level 13. HP: 55/55 MP: 27/27
 21977 | Lab      | Reached skill level 19 in Stealth
 22391 | Lab      | Noticed a minotaur
 22401 | Lab      | Killed a minotaur
 22418 | Lab      | Identified the Catalogue of Lethal Intoxication
 22544 | Lair:4   | Identified a scroll of acquirement
 22547 | Lair:4   | Got a smoking robe
 22558 | Lair:4   | Identified the +0 robe of Nihilism {rElec Str-4 Dex-4 Slay+6} (You acquired it on level 4 of the Lair of Beasts)
 22558 | Lair:4   | Lost strength.
 22614 | Lair:4   | Reached skill level 5 in Short Blades
 22802 | Lair:4   | Found a staircase to the Shoals.
 23003 | Lair:4   | Found a hole to the Spider Nest.
 23796 | Lair:5   | Found a dark tunnel.
 23809 | Volcano  | Entered a volcano
 24271 | Lair:5   | Reached skill level 20 in Stealth
 26233 | Lair:5   | Reached XP level 14. HP: 49/59 MP: 25/28
 26639 | Lair:6   | Entered Level 6 of the Lair of Beasts
 26831 | Lair:6   | Found a staircase to the Slime Pits.
 27578 | Lair:6   | Reached skill level 21 in Stealth
 29248 | Lair:6   | Identified the Compendium of Lucky Feathers
 29817 | Orc:1    | Entered Level 1 of the Orcish Mines
 30358 | Orc:1    | You fall through a shaft!
 30358 | Orc:2    | Entered Level 2 of the Orcish Mines
 30372 | Orc:2    | Found a roughly hewn altar of Beogh.
 31068 | Orc:2    | Learned a level 3 spell: Spectral Weapon
 31985 | Orc:2    | Reached skill level 1 in Fighting
 32530 | Orc:2    | Found a staircase to the Elven Halls.
 33444 | Orc:2    | Found Gigip's Weapon Boutique.
 33444 | Orc:2    | Found Kunn's Antique Armour Emporium.
 33446 | Orc:2    | Found Laypt's General Store.
 33448 | Orc:2    | Found Pemen's Book Shop.
 33455 | Orc:2    | Bought a scroll of remove curse for 42 gold pieces
 33455 | Orc:2    | Bought a potion of brilliance for 56 gold pieces
 33455 | Orc:2    | Bought a scroll of remove curse for 42 gold pieces
 33455 | Orc:2    | Bought a scroll of fog for 28 gold pieces
 33460 | Orc:2    | Bought a book of Party Tricks for 900 gold pieces
 33467 | Orc:2    | Learned a level 6 spell: Invisibility
 33573 | Elf:1    | Entered Level 1 of the Elven Halls
 33587 | Elf:1    | Found a flickering gateway to a bazaar.
 33607 | Bazaar   | Entered a bazaar
 33609 | Bazaar   | Found Liohaz's Antique Armour Boutique.
 33613 | Bazaar   | Bought an ancient robe for 136 gold pieces
 33613 | Bazaar   | Identified the +1 robe of the Orb Guardian {rF+ Int+2} (You bought it in a shop in a bazaar)
 33614 | Bazaar   | Found Poetoryutz's Food Boutique.
 33614 | Bazaar   | Found Uwuyzas's Armour Boutique.
 33615 | Bazaar   | Found Kaapuck's Antique Armour Boutique.
 33637 | Bazaar   | Bought a transparent robe for 148 gold pieces
 33641 | Bazaar   | Identified the +3 robe "Qoitat" {rPois rF+ Regen+ Stlth-} (You bought it in a shop in a bazaar)
 33651 | Bazaar   | Bought the +2 cloak of the Thief {+Fog Slay-2 SInv Stlth+} for 281 gold pieces
 33651 | Bazaar   | Found the +2 cloak of the Thief {+Fog Slay-2 SInv Stlth+}
 33657 | Bazaar   | Bought the +1 robe of Too Many Cooks {rElec rPois SInv} for 393 gold pieces
 33933 | Orc:2    | Gained mutation: Your magical capacity is low. (-10% MP) [mutagenic glow]
 34352 | Elf:1    | Reached skill level 22 in Stealth
 34395 | Elf:1    | Reached XP level 15. HP: 65/65 MP: 8/26
 34915 | Spider:1 | Entered Level 1 of the Spider Nest
 34920 | Spider:1 | Noticed Josephine
 35025 | Lair:4   | Slain by a redback

Vault maps used:
D:1:      eino_arrival_water_star
D:2:      nicolae_overflow_hidden_temple, first_bread, uniq_crazy_yiuf_cottage
D:3:      cheibrodos_old_hovel, solitary_fountain
D:4:      old_standard_altar
D:5:      kennysheep_diamond, roderic_roman_lattice, uniq_eustachio
D:6:      overflow_temple_1_default, lemuel_crystal_altar,
          minmay_temple_entry_mist, portal_sewer_entry_f,
          hangedman_abyss_or_decor_slice, nrook_mini_backslash, minivault_5
D:7:      lemuel_doored_altar
D:8:      erik_lair_island, basic_altar, okawaru_trees_1
D:9:      lemuel_crystal_altar, blue_anna_alchemist, uniq_psyche
D:10:     zombieorc1_lemuel, serial_shops, shop_fountains
D:11:     basic_altar, lemuel_oklob_altar
Temple:   eino_temple_rhombus
Lair:1:   special_room, serial_bayou_pond_b, serial_bayou_shore_b
Lair:2:   uniq_fannar
Lair:3:   st_stairs_9
Lair:4:   minmay_shoals_entry_beasts, spider_nest_entry_web_field,
          lab_entry_generic, infiniplex_staircase_pool
Lair:5:   nicolae_volcano_entry_lava_flow, roderic_carrion_pond
Lair:6:   gammafunk_lair_ancient_temple, minmay_slime_entry_pillars
Spider:1: uniq_josephine
Orc:1:    sword_in_stone
Orc:2:    st_orc_rangers, lemuel_statue_altar
Elf:1:    minmay_shoctagon, serial_shops, bzr_entry_customers,
          minmay_elf_demonology
Elf:2:    special_room
Lab:      labyrinth_spiral, nicolae_lab_plus, nicolae_lab_flowing_pool,
          nicolae_lab_checkerboard, nicolae_lab_t_cross, lab_hedge,
          labyrinth_skeletal_remains, nicolae_lab_garden, nicolae_lab_grate,
          nicolae_lab_swirl, nicolae_lab_dead_end, lab_statue
Bazaar:   bazaar_minmay_cross
Sewer:    sewer_co_cracked_pipes
Volcano:  volcano_bunker

Skill      XL: |  1  2  3  4  5  6  7  8  9 10 11 12 13 14 15 |
---------------+----------------------------------------------+-----
Hexes          | 4 5 6 7 9 10 12 13 15 16 17 | 17.9
Stealth        | 5 6 7 8 10 11 13 15 17 18 20 22 | 22.1
Spellcasting   | 3 4 6 7 9 |  9.3
Dodging        | 4 5 6 7 9 10 11 13 14 | 14.9
Short Blades   | 4 6 8 |  8.5
Fighting       | 1 2 |  2.0

Action                   |  1- 3 |  4- 6 |  7- 9 | 10-12 | 13-15 || total
-------------------------+-------+-------+-------+-------+-------++-------
Melee: Dagger            |   114 |   161 |   273 |   545 |   548 ||  1641
 Cast: Corona            |     3 |       |       |       |       ||     3
       Ensorcelled Hiber |    28 |    47 |   119 |   266 |   464 ||   924
       Confuse           |     1 |    17 |    20 |    64 |   115 ||   217
       Tukima's Dance    |       |     2 |       |     1 |       ||     3
       Dazzling Spray    |       |       |       |       |     4 ||     4
       Invisibility      |       |       |       |       |     6 ||     6
       Spectral Weapon   |       |       |       |       |     1 ||     1
Evoke: Wand              |       |       |       |       |    11 ||    11
  Use: Scroll            |       |       |    10 |    10 |    28 ||    48
       Potion            |       |       |       |       |     4 ||     4
 Stab: Sleeping          |    28 |    32 |    88 |   171 |   233 ||   552
       Confused          |       |     6 |     7 |    41 |    47 ||   101
       Distracted        |       |       |     2 |     3 |     3 ||     8
  Eat: Royal jelly       |       |     1 |     3 |       |       ||     4
       Bread ration      |       |     1 |     1 |       |     2 ||     4
       Fruit             |       |       |       |     7 |     6 ||    13
Armor: Robe              |    15 |    12 |    23 |    15 |    17 ||    82
Dodge: Dodged            |    99 |   123 |   210 |   439 |   390 ||  1261
       Deflected         |       |       |       |     3 |    16 ||    19
Block: Other             |       |       |       |       |    99 ||    99
       Reflection        |       |       |       |       |    18 ||    18

Table legend:
 A = Spawn XP
 B = Non-spawn XP
 C = Spawn XP percentage of total XP
 D = Spawn monster count
 E = Non-spawn monster count
 F = Spawn count percentage of total count
 G = Total turns spent on level
                    A         B        C        D         E        F      G
               +---------+---------+-------+---------+---------+-------+---------
         Total |       0 |  104811 |   0.0 |       0 |     735 |   0.0 | 35025
               +---------+---------+-------+---------+---------+-------+---------
           D:1 |       0 |      47 |   0.0 |       0 |      27 |   0.0 |  1966
           D:2 |       0 |     141 |   0.0 |       0 |      28 |   0.0 |  1073
           D:3 |       0 |     112 |   0.0 |       0 |      18 |   0.0 |  2077
           D:4 |       0 |     515 |   0.0 |       0 |      24 |   0.0 |  1147
           D:5 |       0 |     621 |   0.0 |       0 |      14 |   0.0 |  1226
           D:6 |       0 |     932 |   0.0 |       0 |      23 |   0.0 |   801
           D:7 |       0 |    1356 |   0.0 |       0 |      29 |   0.0 |  1791
           D:8 |       0 |    3567 |   0.0 |       0 |      32 |   0.0 |  1350
           D:9 |       0 |    2969 |   0.0 |       0 |      32 |   0.0 |  1343
          D:10 |       0 |    5242 |   0.0 |       0 |      80 |   0.0 |  2148
          D:11 |       0 |    3199 |   0.0 |       0 |      37 |   0.0 |  1340
        Lair:1 |       0 |    5047 |   0.0 |       0 |      41 |   0.0 |  1481
        Lair:2 |       0 |    4802 |   0.0 |       0 |      14 |   0.0 |  1548
        Lair:3 |       0 |    8251 |   0.0 |       0 |      26 |   0.0 |  1544
        Lair:4 |       0 |    5826 |   0.0 |       0 |      22 |   0.0 |  1454
        Lair:5 |       0 |   11017 |   0.0 |       0 |      41 |   0.0 |  2614
        Lair:6 |       0 |   17166 |   0.0 |       0 |      56 |   0.0 |  2823
      Spider:1 |       0 |    1553 |   0.0 |       0 |       5 |   0.0 |   108
         Orc:1 |       0 |    7962 |   0.0 |       0 |      40 |   0.0 |  1231
         Orc:2 |       0 |    7548 |   0.0 |       0 |      87 |   0.0 |  3269
         Elf:1 |       0 |    4901 |   0.0 |       0 |       9 |   0.0 |   364
           Lab |       0 |    5043 |   0.0 |       0 |      17 |   0.0 |  1173
         Sewer |       0 |      61 |   0.0 |       0 |      22 |   0.0 |   532
       Volcano |       0 |    6933 |   0.0 |       0 |      11 |   0.0 |   388
               +---------+---------+-------+---------+---------+-------+---------
